 Dungeon Crawl Stone Soup version 0.31-a0-983-g7b6862f502 (webtiles) character file.

Game seed: 8717899676254436509

451 javelincjr the Caller (level 7, -1/41 HPs)
             Began as an Octopode Summoner on Nov 2, 2023.
             Slain by a vampire mosquito (9 damage)
             ... on level 5 of the Dungeon.
             The game lasted 00:13:56 (3815 turns).

javelincjr the Caller (Octopode Summoner)           Turns: 3815, Time: 00:13:57

Health: -1/41      AC:  1    Str:  6 (7)  XL:     7   Next: 4%
Magic:  7/13       EV: 13    Int: 20      God:
Gold:   226        SH:  0    Dex: 11 (12) Spells: 8/14 levels left

rFire   . . .        k - +0 trident
rCold   . . .        (no shield)
rNeg    + . .        (helmet restricted)
rPois   +            (no amulet)
rElec   .            g - ring of willpower
rCorr   .            s - ring of positive energy
SInv    .            (no ring)
Will    +....        (no ring)
Stlth   ++++         (no ring)
HPRegen 0.26/turn    (no ring)
MPRegen 0.13/turn    (no ring)
                     (no ring)

%: no passive effects
@: very slightly contaminated
A: almost no armour, amphibious, 8 rings, camouflage 1, gelatinous body 1,
(nimble swimmer 1), tentacles, antennae 1, deterioration 1, poison resistance
a: no special abilities


You were on level 5 of the Dungeon.
You visited 1 branch of the dungeon, and saw 5 of its levels.

You collected 226 gold pieces.

Inventory:

Hand Weapons
 k - a +0 trident (weapon)
 o - a +0 flail of holy wrath
Jewellery
 g - a ring of willpower (left tentacle)
 i - an amulet of guardian spirit
 s - a ring of positive energy (right tentacle)
Wands
 b - a wand of mindburst (11)
 p - a wand of digging (6)
Scrolls
 c - a scroll of silence {unknown}
 h - 2 scrolls of teleportation
 l - a scroll of amnesia {unknown}
 n - 2 scrolls of enchant weapon {unknown}
 q - a scroll of blinking {unknown}
 t - 2 scrolls of vulnerability {unknown}
 u - a scroll of immolation {unknown}
Potions
 a - a potion of magic
 d - a potion of curing
 e - a potion of lignification
 f - a potion of heal wounds {unknown}
 j - 2 potions of enlightenment
 m - a potion of ambrosia {unknown}
 r - a potion of mutation


   Skills:
 + Level 3.5 Dodging
 + Level 5.0 Stealth
 * Level 4.1 Spellcasting
 * Level 5.6 Summonings


You had 8 spell levels left.
You knew the following spells:

 Your Spells              Type           Power      Damage    Failure   Level
a - Summon Small Mammal   Summ           100%       N/A       1%          1
b - Call Imp              Summ           52%        N/A       1%          2
c - Call Canine Familiar  Summ           26%        N/A       3%          3

Your spell library contained the following spells:

 Spells                   Type           Power      Damage    Failure   Level
 Summon Guardian Golem    Hex/Summ       15%        N/A       12%         3
 Sting                    Tmut/Pois      16%        1d3       13%         1
 Poisonous Vapours        Pois/Air       8%         N/A       19%         2
 Summon Lightning Spire   Summ/Air       15%        N/A       36%         4
 Olgreb's Toxic Radiance  Pois           4%         N/A       77%         4


Dungeon Overview and Level Annotations

Branches:
Dungeon (5/15)
 Temple: D:4-7

Altars:
The Shining One

Shops:
D:4 [


Innate Abilities, Weirdness & Mutations

You cannot wear most types of armour.
You are amphibious.
You can wear up to eight rings at the same time.
Your skin changes colour to match your surroundings (Stealth+).
Your rubbery body absorbs attacks. (AC +1, EV +1)
((You are camouflaged when in or above water. (Stealth+)))
You have tentacles for arms and can constrict up to eight enemies at once.
You have a pair of small antennae on your head.
Your body sometimes deteriorates upon taking damage.
Your system is resistant to poisons. (rPois)


Message History

Nothing appears to happen.
Casting: Call Imp (safe; 1% risk of failure)
Confirm with . or Enter, or press ? or * to list all spells.
A tiny devil pulls itself out of the air.
Your hound misses the vampire mosquito. You hit the vampire mosquito.
You grab the vampire mosquito. You squeeze the vampire mosquito.
The vampire mosquito is moderately damaged.
You constrict the vampire mosquito, but do no damage.
The vampire mosquito closely misses you.
Your hound bites the vampire mosquito.
The vampire mosquito bites you!
The vampire mosquito draws strength from your injuries!
Your hound bites the vampire mosquito.
You hit the vampire mosquito but do no damage.
The vampire mosquito is moderately damaged.
You constrict the vampire mosquito. The vampire mosquito bites you.
The vampire mosquito barely misses you.
Your hound bites the vampire mosquito.
Your cerulean imp barely misses the vampire mosquito.
The vampire mosquito bites you. x2
Your body deteriorates!
You feel clumsy.
The vampire mosquito draws strength from your injuries!
Your hound barely misses the vampire mosquito.
You puncture the vampire mosquito! You squeeze the vampire mosquito.
The vampire mosquito is severely damaged.
You constrict the vampire mosquito. The vampire mosquito bites you!
The vampire mosquito draws strength from your injuries!
The vampire mosquito completely misses you.
Your cerulean imp hits the vampire mosquito but does no damage.
Your hound completely misses the vampire mosquito.
The vampire mosquito closely misses you.
The vampire mosquito struggles to escape constriction.
Your cerulean imp hits the vampire mosquito but does no damage.
Your hound bites the vampire mosquito.
You puncture the vampire mosquito!
You destroy the vampire mosquito!
The vampire mosquito bites you!
* * * LOW HITPOINT WARNING * * *
The vampire mosquito draws strength from your injuries!
The vampire mosquito bites you!
You die...

#. #. y# ...#..
.#...... .#....... .
.. ...###
############### ...
#.............#
#.####.............#
###.yh.#.............#
#...y@...............#
#...5..#..............
#......#..[†..........
#......#..............
#......#####.....#....
#......# ##....#.#.#
######## ###.#..#....
#...........
#.###..##.#.


You could see 2 vampire mosquitoes, a friendly hound (summoned) and a friendly
cerulean imp (summoned).

Vanquished Creatures
  A vampire mosquito (D:5)
  Blork the orc (D:4)
  A hound (D:5)
  An iguana (D:5)
  2 gnolls (D:4)
  2 adders
  7 orcs
  4 bats
  6 giant cockroaches
  5 goblins
  6 hobgoblins
  2 jackals (D:1)
  6 kobolds
  4 quokkas
  6 ball pythons
  A frilled lizard (D:3)
  A rat (D:1)
56 creatures vanquished.

Vanquished Creatures (collateral kills)
  A phantom (D:5)
  A howler monkey (D:4)
  A hound (D:4)
  An orc wizard (D:3)
  A gnoll (D:5)
  An adder (D:3)
  2 dart slugs
  8 orcs
  2 ball pythons
  3 bats
  4 endoplasms
  3 goblins
  2 hobgoblins
  A kobold (D:2)
  2 quokkas
  2 frilled lizards (D:2)
  2 rats
37 creatures vanquished.

Grand Total: 93 creatures vanquished

Notes
Turn   | Place    | Note
-------+----------+-------------------------------------------
     0 | D:1      | javelincjr the Octopode Summoner began the quest for the
                  | Orb.
     0 | D:1      | Reached XP level 1. HP: 11/11 MP: 3/3
     6 | D:1      | Noticed a hound
     6 | D:1      | Noticed a polar bear
     6 | D:1      | Noticed a killer bee
     7 | D:1      | Noticed a lindwurm
     7 | D:1      | Noticed an anaconda
   118 | D:1      | Reached XP level 2. HP: 13/17 MP: 1/5
   396 | D:1      | Reached XP level 3. HP: 21/21 MP: 4/6
   803 | D:2      | Learned a level 2 spell: Call Imp
   807 | D:2      | Learned a level 3 spell: Call Canine Familiar
  1715 | D:3      | Reached XP level 4. HP: 27/27 MP: 7/7
  1860 | D:3      | Found a glowing golden altar of the Shining One.
  2128 | D:3      | Found a faded altar of an unknown god.
  2415 | D:3      | Reached XP level 5. HP: 31/31 MP: 6/9
  2742 | D:4      | Noticed Blork the orc
  2757 | D:4      | Killed Blork the orc
  2758 | D:4      | Reached skill level 5 in Summonings
  2758 | D:4      | Reached XP level 6. HP: 15/36 MP: 1/11
  2963 | D:4      | Found Kobauddu's Armour Emporium.
  3251 | D:5      | Entered Level 5 of the Dungeon
  3251 | D:5      | Noticed a vampire mosquito
  3252 | D:5      | Noticed a vampire mosquito
  3462 | D:4      | Gained mutation: Your system is resistant to poisons.
                  | (rPois) [potion of mutation]
  3462 | D:4      | Gained mutation: You have a pair of small antennae on your
                  | head. [potion of mutation]
  3462 | D:4      | Gained mutation: Your body sometimes deteriorates upon
                  | taking damage. [potion of mutation]
  3757 | D:5      | Reached skill level 5 in Stealth
  3757 | D:5      | Reached XP level 7. HP: 41/41 MP: 8/13
  3808 | D:5      | Noticed a vampire mosquito
  3815 | D:5      | Killed a vampire mosquito
  3815 | D:5      | Slain by a vampire mosquito

Illustrated notes

Levels and vault maps discovered:
D:1:      onia_arrival_zoo_common, layout_rooms
D:2:      layout_rooms, kennysheep_pointless_box, kennysheep_generic_room_7
D:3:      layout_basic, mainiacjoe_overflow_six_doors_small,
          ebering_ecumenical_altar_hall
D:4:      layout_rooms, serial_shops, nicolae_shop_tiny_glass,
          minmay_goblin_kobold_house, uniq_blork_the_orc
D:5:      minmay_evil_eye, layout_basic, minitemple, nicolae_uskayaw_en_pointe

Skill      XL: |  1  2  3  4  5  6 |
---------------+-------------------+-----
Stealth        | 3 4 5 |  5.0
Spellcasting   | 3 4 |  4.1
Dodging        | 3 |  3.5
Summonings     | 5 |  5.6

Action                     |  1- 3 |  4- 6 |  7- 9 || total
---------------------------+-------+-------+-------++-------
  Melee: Unarmed           |   107 |       |       ||   107
         Tentacles         |    26 |     9 |     2 ||    37
         Constrict         |    25 |    11 |     1 ||    37
         Punch             |     1 |       |       ||     1
         Trident           |       |    70 |     4 ||    74
   Cast: Summon Small Mamm |    28 |     4 |       ||    32
         Call Imp          |    16 |    26 |     1 ||    43
         Call Canine Famil |       |    14 |     1 ||    15
    Use: Scroll            |       |     5 |       ||     5
         Potion            |       |     1 |       ||     1
   Stab: Sleeping          |     5 |     2 |       ||     7
         Distracted        |     2 |     2 |       ||     4
 Armour: Skin              |    63 |    40 |     7 ||   110
  Dodge: Dodged            |    60 |    49 |     4 ||   113

Table legend: (Time is in decaauts)
 A = Elapsed time spent in this place.
 B = Non-inter-level travel time spent in this place.
 C = Inter-level travel time spent in this place.
 D = Time resting spent in this place.
 E = Time spent auto-exploring this place.
 F = Levels seen in this place.
 G = Mean time per level.
                   A        B        C        D        E       F      G
               +--------+--------+--------+--------+--------+-----+--------+
         Total |   3845 |   3775 |     70 |    300 |   2710 |   5 |  769.0 |
       Dungeon |   3845 |   3775 |     70 |    300 |   2710 |   5 |  769.0 |
               +--------+--------+--------+--------+--------+-----+--------+

Top non-repeatable levels by time:
     D:4: 1110 daAuts
     D:3: 1091 daAuts
     D:1: 756 daAuts
     D:2: 714 daAuts
     D:5: 173 daAuts
